 Dungeon Crawl Stone Soup version 0.29.1-4-g47bece8355 (webtiles) character file.

Game seed: 14637379411302294382

920 GigaChad the Chopper (level 7, -4/61 HPs)
             Began as a Minotaur Fighter on Dec 3, 2022.
             Was an Initiate of Hepliaklqana.
             Slain by a komodo dragon (18 damage)
             ... on level 6 of the Dungeon.
             The game lasted 00:07:50 (4711 turns).

GigaChad the Chopper (Minotaur Fighter)             Turns: 4711, Time: 00:07:51

Health: -4/61      AC: 11    Str: 23    XL:     7   Next: 83%
Magic:  6/6        EV: 10    Int:  5    God:    Hepliaklqana [......]
Gold:   269        SH:  4    Dex:  9    Spells: 6/6 levels left

rFire   . . .      SeeInvis .   a - +0 war axe
rCold   . . .      Faith    .   c - +0 buckler
rNeg    . . .      Spirit   .   b - +0 scale mail
rPois   .          Reflect  .   (helmet restricted)
rElec   .          Harm     .   (no cloak)
rCorr   .          Rampage  .   (no gloves)
Will    .....                   (no boots)
Stlth   ..........              (no amulet)
HPRegen 0.20/turn               g - +4 ring of protection
MPRegen 0.10/turn               (no ring)

@: no status effects
A: horns 2, retaliatory headbutt
a: Renounce Religion


You were on level 6 of the Dungeon.
You worshipped Hepliaklqana.
Hepliaklqana was noncommittal.
You visited 1 branch of the dungeon, and saw 6 of its levels.

You collected 269 gold pieces.

Inventory:

Hand Weapons
 a - a +0 war axe (weapon)
 r - a +0 bardiche
Armour
 b - a +0 scale mail (worn)
 c - a +0 buckler (worn)
Jewellery
 g - a +4 ring of protection (left hand)
 p - an amulet of the acrobat
 q - a ring of flight
 v - a ring of resist corrosion
Scrolls
 e - a scroll of fog {unknown}
 f - a scroll of magic mapping
 h - 2 scrolls of vulnerability {unknown}
 i - a scroll of teleportation
 m - 3 scrolls of noise
 n - a scroll of fear {unknown}
 t - 4 scrolls of identify
 u - 2 scrolls of enchant weapon {unknown}
Potions
 d - a potion of might
 j - 6 potions of curing {unknown}
 k - a potion of haste {unknown}
 l - a potion of flight {unknown}
 o - 2 potions of attraction {unknown}
 s - a potion of mutation {unknown}
 w - a potion of degeneration {unknown}
 x - a potion of berserk rage
 z - a potion of heal wounds {unknown}


   Skills:
 + Level 5.5 Fighting
 + Level 7.2 Axes
 + Level 0.1 Throwing
 + Level 6.3 Armour
 + Level 2.8 Dodging
 + Level 1.0 Stealth
 + Level 4.5 Shields


You had 6 spell levels left.
You didn't know any spells.
Your spell library contained the following spells:

 Spells                   Type           Power      Damage    Failure   Level
 Beastly Appendage        Tmut           0%         N/A       85%         1
 Blink                    Tloc           0%         N/A       94%         2
 Wereblood                Tmut           0%         N/A       94%         2
 Spider Form              Tmut/Pois      0%         N/A       99%         3
 Manifold Assault         Tloc           0%         N/A       100%        5
 Storm Form               Tmut/Air       0%         N/A       100%        7


Dungeon Overview and Level Annotations

Branches:
Dungeon (6/15)
 Temple: D:4-7

Altars:
Hepliaklqana
Sif Muna
Vehumet
Yredelemnul
Zin

Shops:
D:4 [*([*

Annotations:
D:4 2 transporters


Innate Abilities, Weirdness & Mutations

You have a pair of horns on your head.
You reflexively headbutt those who attack you in melee.


Message History

The howler monkey hoots and howls with incredible vigour!
You hit Menkaure. You headbutt Menkaure.
You destroy Menkaure!
Your Axes skill increases to level 7!
Your Armour skill increases to level 6!
The jelly attacks as you move away! The jelly hits you but does no damage.
The jelly attacks as you move away! You block the jelly's attack.
The howler monkey hoots and howls with incredible vigour!
You hear a croak.
You slash the jelly!
Your hands burn!
You headbutt the jelly.
You kill the jelly!
Your Stealth skill increases to level 1!
The gnoll bouda hits you but does no damage.
You hit the gnoll bouda. Your headbutt misses the gnoll bouda.
The gnoll bouda is lightly wounded.
The gnoll bouda hits you with a +0 whip!
A necrophage comes into view.
An orc wizard comes into view. It is wielding a +0 dagger.
The gnoll bouda hits you with a +0 whip.
You hit the gnoll bouda. You headbutt the gnoll bouda!
The gnoll bouda is heavily wounded.
The howler monkey hoots and howls with incredible vigour!
The gnoll bouda hits you with a +0 whip.
You hear a croak.
You hear a shout! x3
You slash the gnoll bouda!
You kill the gnoll bouda!
You hit the komodo dragon but do no damage.
The howler monkey hoots and howls with incredible vigour!
The komodo dragon bites you!
An acid dragon comes into view.
You hear a shout!
You hear a howl!
You barely miss the komodo dragon. Your headbutt misses the komodo dragon.
The komodo dragon bites you!
* * * LOW HITPOINT WARNING * * *
The orc wizard casts a spell.
The orc wizard flickers and vanishes!
Deactivating autopickup; reactivate with Ctrl-A.
You slash the komodo dragon! You headbutt the komodo dragon!
The komodo dragon is heavily wounded.
The komodo dragon bites you!!
You die...

### ##### ###..##
#...#####.....#
#......#.....# #.....#...#
#####....#...######
#nhsl@.....)))..#.##
......{.###.......(......#
.......## ##..#.#.#......#
s#.#.#. #.######......# #
# #.#. #.# ##...#...#.# #
#. #.# #....#.....# l# #..
#....#...... # ...
##...........
#...<.[......


You could see a komodo dragon, a necrophage, a scorpion and a howler monkey.

Vanquished Creatures
  Menkaure (D:6)
  A black bear (D:5)
  2 scorpions
  A necrophage (D:5)
  A jelly (D:6)
  2 gnoll boudas
  2 hounds (D:5)
  2 orc priests (D:5)
  2 iguanas (D:4)
  2 orc wizards
  7 adders
  7 gnolls
  An ufetubus (D:5)
  A worm (D:3)
  A dart slug (D:3)
  7 orcs
  10 bats
  8 endoplasms
  6 giant cockroaches
  4 goblins
  5 hobgoblins
  6 jackals
  2 quokkas
  4 ball pythons
  6 frilled lizards
  A goblin skeleton (D:3)
  A goblin zombie (D:3)
  3 kobolds
  6 rats
102 creatures vanquished.

Vanquished Creatures (others)
  A ball python (D:3)
  A giant cockroach (D:3)
2 creatures vanquished.

Grand Total: 104 creatures vanquished

Notes
Turn   | Place    | Note
-------+----------+-------------------------------------------
     0 | D:1      | GigaChad the Minotaur Fighter began the quest for the Orb.
     0 | D:1      | Reached XP level 1. HP: 19/19 MP: 0/0
    81 | D:1      | Reached XP level 2. HP: 27/27 MP: 1/1
   261 | D:1      | Reached XP level 3. HP: 32/33 MP: 2/2
   291 | D:1      | Found a faded altar of an unknown god.
   343 | D:1      | Reached skill level 3 in Axes
   873 | D:2      | Reached skill level 1 in Dodging
   930 | D:2      | Reached XP level 4. HP: 28/41 MP: 3/3
  1445 | D:3      | Found a runed translucent door.
  1445 | D:3      | Noticed a human
  1463 | D:3      | Found a basalt altar of Yredelemnul.
  1662 | D:3      | Found a shimmering blue altar of Sif Muna.
  1947 | D:4      | Found Kithow's Weapon Shop.
  1953 | D:4      | Found a transporter.
  2005 | D:4      | Found a transporter.
  2009 | D:4      | Found Ihubox's Assorted Antiques.
  2024 | D:4      | Reached skill level 4 in Axes
  2025 | D:4      | Reached XP level 5. HP: 28/47 MP: 4/4
  2204 | D:4      | Found a radiant altar of Vehumet.
  2300 | D:4      | Found Giemawuq's Antique Armour Shoppe.
  2317 | D:4      | Found a glowing silver altar of Zin.
  2395 | D:4      | Reached skill level 5 in Axes
  2395 | D:4      | Reached XP level 6. HP: 55/55 MP: 5/5
  2439 | D:4      | Found Zaots's Armour Boutique.
  2613 | D:4      | Found Luafeps's General Store.
  2720 | D:4      | You fall into a shaft and drop 1 floor!
  2720 | D:5      | Entered Level 5 of the Dungeon
  2734 | D:5      | Reached skill level 5 in Armour
  2868 | D:5      | Reached skill level 5 in Fighting
  2966 | D:5      | Reached skill level 6 in Axes
  2970 | D:5      | Reached XP level 7. HP: 12/61 MP: 6/6
  4118 | D:5      | Found a faded altar of an unknown god.
  4120 | D:5      | Found a faded altar of an unknown god.
  4120 | D:5      | Found a hazy altar of Hepliaklqana.
  4475 | D:5      | Became a worshipper of Hepliaklqana the Forgotten
  4691 | D:6      | Noticed Menkaure
  4696 | D:6      | Noticed a komodo dragon
  4700 | D:6      | Killed Menkaure
  4701 | D:6      | Reached skill level 7 in Axes
  4705 | D:6      | Reached skill level 1 in Stealth
  4711 | D:6      | Slain by a komodo dragon

Illustrated notes

Levels and vault maps discovered:
D:1:      scummos_arrival_gate, layout_rooms,
          shapermc_ecumenical_altar_totnotflames
D:2:      layout_rooms
D:3:      layout_rooms, mainiacjoe_overflow_brackets, dk_yredelemnul_ordeal,
          st_stairs_13, minmay_bisected
D:4:      gammafunk_cloud_chamber, layout_cave_pools,
          mainiacjoe_overflow_tiny_flanked, lemuel_coloured_pillars_altar,
          serial_shops, nicolae_shop_stone, nicolae_stop_n_shop_1, shop,
          nicolae_lakefront_shop, nicolae_shop_temple_entry_statues_fountains
D:5:      layout_loops_cross, nicolae_hepliaklqana_ecumenical_no_more,
          serial_glass, glass_columns_a, glass_columns_b, glass_columns_a,
          glass_columns_a, glass_columns_b, glass_columns_a,
          minmay_strange_pillars
D:6:      layout_cave_pools, lemuel_tele_altar, minmay_temple_entry_hall,
          minmay_manual_maat, uniq_crazy_yiuf_cottage, uniq_blork_the_orc,
          uniq_maggie, uniq_menkaure

Skill      XL: |  1  2  3  4  5  6  7 |
---------------+----------------------+-----
Armour         | 4 5 6 |  6.3
Fighting       | 4 5 |  5.5
Shields        | 4 |  4.5
Axes           | 3 4 5 6 7 |  7.2
Dodging        | 1 2 |  2.8
Stealth        | 1 |  1.0
Throwing       | |  0.1

Action                   |  1- 3 |  4- 6 |  7- 9 || total
-------------------------+-------+-------+-------++-------
Melee: War axe           |    54 |   106 |    48 ||   208
       Headbutt          |     5 |    17 |     9 ||    31
Throw: Throwing net      |     1 |       |       ||     1
  Use: Scroll            |       |     3 |       ||     3
Armor: Scale mail        |    76 |    98 |    29 ||   203
Dodge: Dodged            |    65 |    94 |    32 ||   191
Block: Buckler           |    32 |    32 |    11 ||    75
